 Dungeon Crawl Stone Soup version 0.18-a0-987-g0b0e4e7 (webtiles) character file.

109137 4thArraOfDagon the Destroyer (level 16, -16/210 HPs)
             Began as a Centaur Air Elementalist on Jan 3, 2016.
             Was the Champion of Vehumet.
             Demolished by a black draconian monk (28 damage)
             ... on level 3 of the Elven Halls.
             The game lasted 02:22:50 (16713 turns).

4thArraOfDagon the Destroyer (CeAE)                Turns: 16713, Time: 02:22:50

Health: -16/210    AC: 22    Str: 17    XL:     16   Next: 4%
Magic:  26/26      EV:  7    Int: 22    God:    Vehumet [******]
Gold:   1721       SH:  7    Dex: 11    Spells: 10 memorised, 3 levels left

rFire  + + .     SeeInvis +     T - +3 demon blade (freeze)
rCold  . . .     Gourm    .     y - +0 troll leather armour
rNeg   . . .     Faith    +     U - +2 buckler {AC+3}
rPois  +         Spirit   .     a - +0 helmet of Generosity {+Blink rPois rCorr Dex-3}
rElec  +         Dismiss  .     Y - +1 cloak {+Inv}
rCorr  +         Reflect  .     s - +0 pair of gloves {Dex+3}
SustAt .         Harm     .     h - +2 centaur barding {Fly}
MR     +....     Clarity  +     v - amulet of faith
Stlth  ..........               G - +3 ring of intelligence
                                w - ring of fire

@: berserking (expiring), resistant, very slightly contaminated, delayed
fireball, repel missiles, very quick, somewhat resistant to hostile
enchantments, extremely unstealthy
A: hooves 3, yellow scales 1, see invisible, clarity, deformed body, speed 2,
low mp 1, poison resistance, robust 1, tough skin 3, subdued magic 1
a: Renounce Religion, Release Delayed Fireball, Evoke Blink, Evoke Invisibility,
Evoke Flight


You were on level 3 of the Elven Halls.
You worshipped Vehumet.
Vehumet was exalted by your worship.
You were full.

You visited 3 branches of the dungeon, and saw 20 of its levels.
You visited the Abyss 1 time.
You also visited: Ice Cave.

You collected 3049 gold pieces.
You spent 1328 gold pieces at shops.

Inventory:

Hand Weapons
 x - a +0 blowgun
 A - a +4 long sword of holy wrath
 D - the +5 battleaxe of Reinforcement {elec, rC+, unknown}
   (You took it off a deep elf mage on level 3 of the Elven Halls)

   Occasionally, upon striking a foe, it will discharge some electrical energy
   and cause terrible harm.
   It protects you from cold.
 T - a +3 demon blade of freezing (weapon)
Missiles
 g - a throwing net (quivered)
 l - 2 curare-tipped needles
Armour
 a - the +0 helmet of Generosity (worn) {+Blink rPois rCorr Dex-3}
   (You bought it in a shop on level 10 of the Dungeon)

   It affects your dexterity (-3).
   It protects you from poison.
   It lets you blink.
   It protects you from acid and corrosion.
 h - a +2 centaur barding of flying (worn)
 i - the +8 ice dragon armour of the Lair of Beasts {rF- rC++ MP-9 Str+6, unknown}
   (You took it off a deep elf blademaster on level 3 of the Elven Halls)

   It affects your strength (+6).
   It makes you vulnerable to fire.
   It greatly protects you from cold.
   It affects your magic capacity (-9).
 r - the +1 leather armour "Fiusm" {rCorr Dex+2, unknown}
   (You found it on level 4 of the Abyss)

   It affects your dexterity (+2).
   It protects you from acid and corrosion.
 s - a +0 pair of gloves of dexterity (worn)
 y - a +0 troll leather armour (worn)
 M - the +1 robe of Fortification {*Drain MP+9 Slay+5 Stlth+}
   (You took it off a deep elf death mage on level 3 of the Elven Halls)

   It affects your accuracy and damage with ranged weapons and melee attacks
   (+5).
   It affects your magic capacity (+9).
   It causes draining when unequipped.
   It makes you more stealthy.
 U - a +2 buckler of protection (worn)
 Y - a +1 cloak of invisibility (worn)
Jewellery
 b - an uncursed amulet of dismissal {unknown}
 o - a cursed -3 ring of dexterity {unknown}
 v - an amulet of faith (around neck)
 w - a ring of fire (left hand)
 G - a +3 ring of intelligence (right hand)
 J - an uncursed amulet of rage {unknown}
 Q - the ring "Ohunt" {rPois MP+9}
   (You took it off a deep elf mage on level 3 of the Elven Halls)

   [ring of magical power]

   It protects you from poison.
   It affects your magic capacity (+9).
 Z - an uncursed amulet of rage {unknown}
Wands
 E - a wand of digging (2/24)
 H - a wand of paralysis (12/24)
 I - a wand of fire (1/15)
Scrolls
 e - 2 scrolls of immolation
 L - 4 scrolls of remove curse
 S - 2 scrolls of teleportation
Potions
 d - 3 potions of brilliance
 j - 3 potions of flight
 k - 2 potions of lignification
 m - 2 potions of ambrosia
 p - 3 potions of might
 q - a potion of invisibility
 t - a potion of resistance
 u - a potion of magic
 K - 6 potions of curing
 P - a potion of cancellation {unknown}
 R - 3 potions of agility
 V - a potion of heal wounds
Books
 C - a book of Battle

   Spells                             Type                      Level
   a - Infusion                       Charms                       1
   b - Shroud of Golubria             Charms/Translocation         2
   c - Song of Slaying                Charms                       2
   d - Spectral Weapon                Hexes/Charms                 3
   e - Regeneration                   Charms/Necromancy            3
 N - a book of the Sky

   Spells                             Type                      Level
   a - Summon Lightning Spire         Summoning/Air                4
   b - Airstrike                      Air                          4
   c - Silence                        Hexes/Air                    5
   d - Deflect Missiles               Charms/Air                   6
   e - Conjure Ball Lightning         Conjuration/Air              6
   f - Tornado                        Air                          9
 W - a Necronomicon

   Spells                             Type                      Level
   a - Haunt                          Necromancy/Summoning         7
   b - Borgnjor's Revivification      Necromancy                   8
   c - Death's Door                   Charms/Necromancy            8
   d - Necromutation                  Transmutation/Necromancy     8
Miscellaneous
 n - a sack of spiders {used: 2}
 F - a plain deck of summoning {drawn: 8}
Comestibles
 c - 15 bread rations
 f - 10 meat rations


   Skills:
 + Level 8.2 Fighting
 * Level 11.6 Long Blades
 + Level 5.2 Armour
 - Level 2.0 Dodging
 - Level 1.2 Stealth
 - Level 6.3 Shields
 + Level 9.8 Spellcasting
 * Level 11.9 Conjurations
 - Level 3.4 Charms
 - Level 3.6 Necromancy
 - Level 2.9 Translocations
 * Level 11.4 Fire Magic
 - Level 3.3 Air Magic


You had 3 spell levels left.
You knew the following spells:

 Your Spells              Type           Power        Failure   Level  Hunger
a - Fireball              Conj/Fire      ######....   1%          5    ####...
b - Repel Missiles        Chrm/Air       ###...       1%          2    None
c - Swiftness             Chrm/Air       ###.....     1%          2    None
d - Iron Shot             Conj/Erth      ###.......   36%         6    ######.
e - Regeneration          Chrm/Necr      ###.......   2%          3    None
f - Apportation           Tloc           ###.......   1%          1    None
g - Conjure Flame         Conj/Fire      ######..     0%          3    None
h - Sticky Flame          Conj/Fire      ######..     1%          4    ##.....
i - Spectral Weapon       Hex/Chrm       ##......     5%          3    None
j - Delayed Fireball      Conj/Fire      N/A          12%         7    #######


Dungeon Overview and Level Annotations

Branches:
Dungeon (15/15)            Temple (0/1) D:7             Orc (2/2) D:11
    Elf (3/3) Orc:2        Vaults (0/5) D:13         Depths (0/5) D:15
   Lair: D:8-11

Altars:
Ashenzari
Cheibriados
Dithmenos
Elyvilon
Gozag
Kikubaaqudgha
Makhleb
Nemelex Xobeh
Pakellas
Qazlal
Ru
Sif Muna
Vehumet
Beogh

Shops:
D:10 [   D:13 }   D:15 !   Orc:2 =(*[

Annotations:
D:9 exclusion: obsidian statue
D:10 Nergalle
D:14 RELEASE TRAPPED DAGON
Orc:1 Fannar
Orc:2 WIZARDRU, 1 exclusion


Innate Abilities, Weirdness & Mutations

You have hooves in place of feet.
Armour fits poorly on your strangely shaped body.
You cover ground very quickly.
You have extremely tough skin (AC +3).
You are partially covered in yellow scales (AC +2).
You have supernaturally acute eyesight.
You possess an exceptional clarity of mind.
Your magical capacity is low (-10% MP).
Your system is resistant to poisons.
You are robust (+10% HP).
Your spells are a little easier to cast, but a little less powerful.


Message History

The black draconian monk tail-slaps you but does no damage.
Unknown command.
Unknown command.
You slash the black draconian monk! You freeze the black draconian monk.
Your kick misses the black draconian monk.
The black draconian monk is heavily wounded.
The black draconian monk is no longer moving slowly.
Unknown command.
Unknown command.
You slash the black draconian monk! You freeze the black draconian monk.
The black draconian monk is heavily wounded.
The deep elf demonologist casts a spell.
Unknown command.
Unknown command.
Unknown command.
You slash the black draconian monk! You freeze the black draconian monk.
Your kick misses the black draconian monk.
The black draconian monk is severely wounded.
The black draconian monk hits you!!
You die...

##.........## #
#.....4.....# #
#.....##.##.... .....##
#.# .. ...## #.# ### .#
#.###.# #.##.## #(#e##
##.(#@## ##### #..###q##
###...###.## ##(######
#.........# ##(#...###
#.......########[......#
#.......+......'.).....#
#.......########...(...#
#.......## #.......#
###...##'#######.......#


You could see a black draconian monk and a deep elf demonologist.

Vanquished Creatures
  Saint Roka (Orc:2)
  2 deep elf master archers (Elf:3)
  2 deep elf blademasters (Elf:3)
  Frances (D:12)
  4 deep elf sorcerers (Elf:3)
  An orc warlord (Orc:2)
  4 deep elf demonologists (Elf:3)
  The ghost of Chiseanne the Blocker, a journeyman DDFi of Pakellas (D:14)
  3 deep elf annihilators (Elf:3)
  6 deep elf death magi (Elf:3)
  Snorg (D:10)
  4 vault guards (D:13)
  Josephine (Orc:1)
  2 deep elf high priests (Elf:3)
  4 centaur warriors
  A death knight (D:15)
  2 ogre magi (Orc:2)
  5 dancing weapons
  Urug (Orc:1)
  4 orc high priests (Orc:2)
  Sonja (D:11)
  13 deep elf knights
  3 skeletal warriors (D:13)
  2 unseen horrors
  A lindwurm (shapeshifter) (Elf:3)
  2 hill giants
  8 deep elf archers
  34 deep elf magi
  A hornet (D:10)
  4 orc knights (Orc:2)
  4 orc sorcerers (Orc:2)
  2 manticores
  A griffon (D:13)
  3 ugly things (D:14)
  A guardian serpent (Abyss:2)
  Maurice (D:11)
  Psyche (D:12)
  4 centaur zombies
  2 ice devils (D:15)
  An ancient zyme (Abyss:2)
  4 polar bears (IceCv)
  6 trolls
  5 two-headed ogres
  4 slime creatures (D:14)
  A yak (shapeshifter) (D:15)
  3 water elementals
  A shadow (D:13)
  An air elemental (Elf:3)
  A wyvern (D:12)
  5 wraiths (Orc:1)
  A golden eye (shapeshifter) (Elf:1)
  A hungry ghost (D:15)
  2 fire elementals (Elf:3)
  12 vampire mosquitoes
  26 yaks
  5 hippogriffs
  A basilisk (D:14)
  A chaos spawn (Abyss:2)
  4 wolves (IceCv)
  A mottled dragon (D:15)
  4 wargs
  A small abomination (Abyss:2)
  A water moccasin (D:7)
  An ice beast (D:14)
  2 sky beasts
  31 orc warriors
  2 wasps
  A phantom (D:9)
  18 ogres
  2 black bears
  10 centaurs
  2 big kobolds
  An earth elemental (Elf:3)
  12 giant frogs
  A wyvern skeleton (D:9)
  5 scorpions
  4 crimson imps
  A giant frog zombie (D:12)
  A quasit (D:12)
  3 jellies
  15 orc priests
  2 centaur skeletons
  6 hounds
  16 orc wizards
  An iron imp (Abyss:2)
  4 giant frog skeletons
  2 iguanas
  4 worker ants
  A hound zombie (D:6)
  2 hound skeletons
  A worker ant zombie (D:7)
  9 adders
  A shadow imp (D:13)
  An adder zombie (D:5)
  An adder skeleton (D:4)
  A worm (D:4)
  2 giant geckos (D:3)
  82 orcs
  3 giant cockroaches
  4 goblins
  5 hobgoblins
  12 jackals
  2 quokkas
  A ball python (D:5)
  6 bats
  A giant cockroach zombie (D:5)
  A giant gecko skeleton (D:7)
  4 giant newts
  13 kobolds
  A quokka skeleton (D:9)
  11 rats
  A spectral weapon (Elf:3)
543 creatures vanquished.

Vanquished Creatures (collateral kills)
  Maud (D:14)
  A deep elf mage (D:15)
  3 polar bears (IceCv)
  An orc warrior (Orc:2)
  2 centaurs (D:14)
  An iguana (D:8)
  An orc wizard (Orc:2)
  2 orcs (Orc:2)
12 creatures vanquished.

Vanquished Creatures (others)
  2 deep elf high priests (Elf:3)
  An air elemental (Elf:3)
  A water elemental (Elf:3)
  A sky beast (D:8)
  9 fungi
  A plant (Elf:3)
  7 spectral weapons
22 creatures vanquished.

Grand Total: 577 creatures vanquished

Notes
Turn   | Place    | Note
--------------------------------------------------------------
     0 | D:1      | 4thArraOfDagon the Centaur Air Elementalist began the quest for the Orb.
     0 | D:1      | Reached XP level 1. HP: 14/14 MP: 3/3
    21 | D:1      | Reached skill level 1 in Conjurations
   234 | D:2      | Reached XP level 2. HP: 10/20 MP: 4/4
   245 | D:2      | Learned a level 2 spell: Repel Missiles
   457 | D:3      | Reached skill level 3 in Air Magic
   457 | D:3      | Reached XP level 3. HP: 13/26 MP: 0/5
   469 | D:3      | Learned a level 2 spell: Swiftness
   545 | D:4      | Found a radiant altar of Vehumet.
   624 | D:4      | Became a worshipper of Vehumet
   647 | D:4      | Learned a level 1 spell: Sting
   735 | D:3      | Reached XP level 4. HP: 17/33 MP: 4/7
  1127 | D:2      | Found an opulent altar of Gozag.
  1340 | D:2      | Reached * piety under Vehumet
  1340 | D:2      | Offered knowledge of Flame Tongue by Vehumet.
  1346 | D:2      | Learned a level 1 spell: Flame Tongue
  1424 | D:3      | Found a faded altar to an unknown god.
  1857 | D:5      | Entered Level 5 of the Dungeon
  1907 | D:5      | Found a shadowy altar of Dithmenos.
  1909 | D:5      | Reached XP level 5. HP: 26/38 MP: 8/8
  2013 | D:5      | Found an ancient bone altar of Kikubaaqudgha.
  2100 | D:6      | Reached skill level 1 in Fire Magic
  2180 | D:5      | Found a shadowy altar of Dithmenos.
  2182 | D:5      | Found a snail-covered altar of Cheibriados.
  2185 | D:5      | Found a stormy altar of Qazlal.
  2185 | D:5      | Found a white marble altar of Elyvilon.
  2186 | D:5      | Found a burning altar of Makhleb.
  2186 | D:5      | Found a deep blue altar of Sif Muna.
  2276 | D:6      | Reached XP level 6. HP: 31/45 MP: 3/10
  2330 | D:6      | Learned a level 1 spell: Apportation
  2366 | D:6      | Reached ** piety under Vehumet
  2366 | D:6      | Reached skill level 4 in Conjurations
  2402 | D:6      | Offered knowledge of Throw Frost by Vehumet.
  2446 | D:6      | Reached XP level 7. HP: 10/50 MP: 6/11
  2729 | D:7      | HP: 2/50 [giant frog skeleton (6)]
  2765 | D:7      | Reached skill level 5 in Conjurations
  2766 | D:7      | HP: 2/50 [orc wizard/dagger of electrocution (14)]
  2856 | D:7      | Found a staircase to the Ecumenical Temple.
  2952 | D:7      | Reached XP level 8. HP: 33/57 MP: 3/13
  3080 | D:7      | Offered knowledge of Dazzling Spray by Vehumet.
  3116 | D:7      | Learned a level 3 spell: Conjure Flame
  3146 | D:7      | Gained mutation: Your magical capacity is low (-10% MP). [mutagenic meat]
  3147 | D:7      | Gained mutation: Your magical capacity is very low (-20% MP). [mutagenic meat]
  3148 | D:7      | Gained mutation: You have supernaturally acute eyesight. [mutagenic meat]
  3150 | D:7      | Gained mutation: You have a pair of small horns on your head. [mutagenic meat]
  3360 | D:8      | Found a sparkling altar of Nemelex Xobeh.
  3443 | D:8      | Reached skill level 6 in Conjurations
  3573 | D:8      | Gained mutation: You are partially covered in yellow scales (AC +2). [mutagenic meat]
  3574 | D:8      | Gained mutation: You are dopey. (Int -2) [mutagenic meat]
  3575 | D:8      | Gained mutation: You are partially covered in icy blue scales (AC +1). [mutagenic meat]
  3576 | D:8      | Lost mutation: You are partially covered in icy blue scales (AC +1). [mutagenic meat]
  3578 | D:8      | Lost mutation: Your magical capacity is very low (-20% MP). [mutagenic meat]
  3700 | D:8      | Reached skill level 5 in Fire Magic
  3820 | D:9      | Reached *** piety under Vehumet
  3896 | D:9      | Learned a level 4 spell: Sticky Flame
  3932 | D:9      | Reached skill level 7 in Conjurations
  4013 | D:9      | Noticed an obsidian statue
  4062 | D:9      | Reached XP level 9. HP: 50/62 MP: 5/13
  4074 | D:9      | Offered knowledge of Airstrike by Vehumet.
  4150 | D:9      | Got a slimy ring mail
  4198 | D:9      | Identified the +1 ring mail "Jimowkab" {MP+9 Str+2 Dex+2} (You found it on level 9 of the Dungeon)
  4492 | D:10     | Entered Level 10 of the Dungeon
  4519 | D:10     | Reached skill level 1 in Long Blades
  4668 | D:10     | Reached **** piety under Vehumet
  4759 | D:10     | Noticed Nergalle
  4848 | D:10     | Found Hakkufeph's Antique Armour Shop.
  4855 | D:10     | Offered knowledge of Bolt of Draining by Vehumet.
  4865 | D:10     | Bought a shiny buckler for 103 gold pieces
  4956 | D:10     | Noticed a hornet
  4969 | D:10     | Paralysed by a hornet for 3 turns
  4972 | D:10     | Killed a hornet
  4972 | D:10     | Reached skill level 1 in Shields
  4972 | D:10     | Reached skill level 8 in Conjurations
  5194 | D:10     | Found a roughly hewn altar of Beogh.
  5194 | D:10     | Noticed an unseen horror
  5213 | D:10     | Killed an unseen horror
  5213 | D:10     | Reached XP level 10. HP: 40/69 MP: 15/15
  5326 | D:10     | Noticed Snorg
  5359 | D:10     | Killed Snorg
  5359 | D:10     | Reached skill level 5 in Spellcasting
  5582 | D:11     | Gained mutation: Your spells are a little easier to cast, but a little less powerful. [mutagenic meat]
  5583 | D:11     | Gained mutation: You are robust (+10% HP). [mutagenic meat]
  5584 | D:11     | Lost mutation: You have a pair of small horns on your head. [mutagenic meat]
  5633 | D:11     | Noticed Maurice
  5670 | D:11     | Killed Maurice
  5670 | D:11     | Reached skill level 1 in Fighting
  5739 | D:11     | Found a staircase to the Orcish Mines.
  5762 | D:11     | Found a roughly hewn altar of Beogh.
  5826 | D:10     | Bought a faintly humming helmet for 218 gold pieces
  5831 | D:10     | Identified the +0 helmet of Generosity {+Blink rPois rCorr Dex-3} (You bought it in a shop on level 10 of the Dungeon)
  5872 | D:11     | Noticed Sonja
  5904 | D:11     | Killed Sonja
  5988 | D:11     | Reached ***** piety under Vehumet
  5988 | D:11     | Offered knowledge of Iron Shot by Vehumet.
  6000 | D:11     | Noticed a manticore
  6017 | D:11     | Killed a manticore
  6074 | D:11     | Noticed a hill giant
  6105 | D:11     | Killed a hill giant
  6105 | D:11     | Reached skill level 5 in Long Blades
  6105 | D:11     | Reached skill level 9 in Conjurations
  6105 | D:11     | Reached XP level 11. HP: 51/86 MP: 17/17
  6189 | D:12     | Identified a scroll of acquirement
  6212 | D:12     | Noticed a hill giant
  6226 | D:12     | Killed a hill giant
  6420 | D:12     | Noticed Psyche
  6457 | D:12     | Killed Psyche
  6487 | D:12     | Noticed Frances
  6540 | D:12     | Killed Frances
  7019 | D:13     | Found Annes's Gadget Shoppe.
  7256 | D:13     | Noticed a deep elf mage
  7291 | D:13     | Killed a deep elf mage
  7301 | D:13     | Found a sacrificial altar of Ru.
  7333 | D:13     | Learned a level 6 spell: Iron Shot
  7347 | D:13     | Noticed a deep elf mage
  7387 | D:13     | Killed a deep elf mage
  7405 | D:13     | Noticed a skeletal warrior
  7413 | D:13     | Noticed a skeletal warrior
  7426 | D:13     | Killed a skeletal warrior
  7426 | D:13     | Reached XP level 12. HP: 89/100 MP: 18/18
  7439 | D:13     | Reached skill level 5 in Shields
  7469 | D:13     | Reached skill level 10 in Conjurations
  7543 | D:13     | Noticed a centaur warrior
  7549 | D:13     | Noticed a vault guard
  7552 | D:13     | Noticed a centaur warrior
  7556 | D:13     | Noticed a vault guard
  7582 | D:13     | Killed a vault guard
  7585 | D:13     | Killed a vault guard
  7623 | D:13     | Killed a centaur warrior
  7704 | D:13     | BLOAX: https://dl.dropboxusercontent.com/u/63152810/wf.jpg
  7708 | D:13     | BLOAX: proceed chat takeover
  7708 | D:13     | Sphara: laika?
  7708 | D:13     | 4thArraOfDagon: adin
  7734 | D:13     | 4thArraOfDagon: lets start
  7734 | D:13     | BLOAX: too dead
  7734 | D:13     | 4thArraOfDagon: with sophisticated
  7734 | D:13     | 4thArraOfDagon: music
  7754 | D:13     | Found a gate to the Vaults.
  7784 | D:13     | BLOAX: sophisticated has a very lax definition
  7886 | D:13     | Killed a centaur warrior
  7983 | D:13     | BLOAX: https://www.youtube.com/watch?v=z_gul9fio2c this is certainly not simple
  7983 | D:13     | 4thArraOfDagon: idk i thought BTK by Suffocation is great track
  7983 | D:13     | 4thArraOfDagon: another generic folk metal, im loving it
  8084 | D:14     | BLOAX: https://dl.dropboxusercontent.com/u/63152810/n/xcom/piratez/xeno3black.gif I also added a helmet to this shit.
  8148 | D:14     | 4thArraOfDagon: this is full armor already
  8148 | D:14     | 4thArraOfDagon: last time i saw it , was naked all over
  8160 | D:14     | Kolbur: reminds me of the x-com chryssalid
  8160 | D:14     | BLOAX: nah https://dl.dropboxusercontent.com/u/63152810/n/xcom/piratez/xeno2b.gif
  8160 | D:14     | 4thArraOfDagon: and yeah you probably made that helm like in what, 5mins?
  8160 | D:14     | BLOAX: it is made out of chryssalids
  8160 | D:14     | BLOAX: it actually took an hour
  8160 | D:14     | BLOAX: it is really difficult to make shit detailed and good in such a small space
  8160 | D:14     | 4thArraOfDagon: o ok, it was one of those unrealistic fantasies of mine then
  8160 | D:14     | BLOAX: fortunately it only took two redesigns
  8184 | D:14     | BLOAX: you're probably thinking of https://dl.dropboxusercontent.com/u/63152810/n/xcom/piratez/Nurse.gif this
  8188 | D:14     | BLOAX: :^)
  8188 | D:14     | 4thArraOfDagon: oh man
  8188 | D:14     | 4thArraOfDagon: those thigs
  8188 | D:14     | 4thArraOfDagon: thighs*
  8188 | D:14     | 4thArraOfDagon: you destroyed it!
  8253 | D:14     | Found an oddly glowing altar of Pakellas.
  8254 | D:14     | Noticed a fire dragon
  8255 | D:14     | BLOAX: fancy altar
  8255 | D:14     | BLOAX: i approve
  8255 | D:14     | Pakellas says, "The experiment must go on!"
  8256 | D:14     | 4thArraOfDagon: what will it become
  8288 | D:14     | BLOAX: seemingly nothing :(
  8288 | D:14     | i will release you one day
  8308 | D:14     | BLOAX: and yes
  8347 | D:14     | Noticed Chiseanne's ghost (journeyman DDFi)
  8353 | D:14     | Killed Chiseanne's ghost
  8353 | D:14     | Reached skill level 10 in Fire Magic
  8354 | D:14     | rest in peace bud
  8369 | D:14     | Noticed Maud
  8370 | D:14     | Kolbur: was that a naked dd ghost?
  8370 | D:14     | 4thArraOfDagon: yea haha
  8370 | D:14     | 4thArraOfDagon: it looked like
  8390 | D:14     | time to abuse this shit
  8404 | D:14     | Sphara: how else could you die as a DD?
  8410 | D:14     | Killed Maud
  8441 | D:14     | Offered knowledge of Force Lance by Vehumet.
  8443 | D:14     | 4thArraOfDagon: run out of mp? idk
  8470 | D:14     | 4thArraOfDagon: and walking naked
  8470 | D:14     | Sphara: name is Force, Lance Force
  8470 | D:14     | 4thArraOfDagon: probably one of those unfulfilled fantasies
  8470 | D:14     | Kolbur: for some reasons i see a lot of not-makh DDs running around without healing
  8625 | D:15     | Entered Level 15 of the Dungeon
  8705 | D:15     | Noticed a centaur warrior
  8742 | D:15     | Killed a centaur warrior
  8742 | D:15     | Reached XP level 13. HP: 79/108 MP: 20/20
  8797 | D:15     | Found a frozen archway.
  8819 | IceCv    | Entered an ice cave
  8904 | IceCv    | Kolbur: train all the skills
  8923 | IceCv    | Reached skill level 5 in Fighting
  9071 | IceCv    | k
  9082 | IceCv    | Reached skill level 1 in Armour
  9085 | IceCv    | BLOAX: 10/10 disconnect timing
  9086 | IceCv    | BLOAX: and yes
  9108 | IceCv    | BLOAX: i am going to be fucking heavily with expectations with this graphics set
  9156 | IceCv    | BLOAX: it starts off pretty cute and harmless
  9170 | IceCv    | BLOAX: and then this shit starts happening
  9264 | IceCv    | Noticed a frost giant
  9337 | IceCv    | BLOAX: there's some shit loot if i've ever seen some
  9353 | IceCv    | BLOAX: two plain giant clubs
  9353 | IceCv    | BLOAX: one animal skin
  9370 | D:15     | Sphara: my favorite is 3 piles of stones in the Trove
  9371 | D:15     | BLOAX: that's worse loot than you'd get from killing two ogres and a skinning a troll
  9486 | D:15     | Lost mutation: You are dopey. (Int -2) [potion of beneficial mutation]
  9487 | D:15     | Gained mutation: You possess an exceptional clarity of mind. [potion of beneficial mutation]
  9488 | D:15     | i feel fantastic
  9509 | D:15     | 4thArraOfDagon: and yea they moved death knights to dungeon
  9509 | D:15     | BLOAX: lol
  9509 | D:15     | 4thArraOfDagon: but removed haunt
  9509 | D:15     | BLOAX: not unwarranted
  9509 | D:15     | 4thArraOfDagon: so not that bad
  9509 | D:15     | BLOAX: they were pretty sucky crypt monsters
  9509 | D:15     | Found Sofie's Distillery.
  9510 | D:15     | Sphara: do they have something else now?
  9516 | D:15     | Sphara: if haunt is gone in trunk
  9537 | D:15     | Sphara: agony
  9549 | D:15     | 4thArraOfDagon: o wow
  9549 | D:15     | 4thArraOfDagon: death knight gives less exp than centaur warrior
  9549 | D:15     | 4thArraOfDagon: injury mirror, torment and glaive ok...
  9601 | D:15     | Sphara: is it actual torment or agony?
  9681 | D:15     | Found a shattered altar of Ashenzari.
  9682 | D:15     | 4thArraOfDagon: agony
  9749 | D:15     | BLOAX: wanna know the funny thing though
  9751 | D:15     | BLOAX: http://www.ufopaedia.org/images/6/6c/Chryssalid.gif
  9782 | D:15     | BLOAX: vanilla xcom graphics are way less detailed than the monstrosities i am making
  9794 | D:14     | 4thArraOfDagon: yea apparently
  9794 | D:14     | 4thArraOfDagon: but they use more shadow/light/colour than details i ghuess
  9794 | D:14     | 4thArraOfDagon: its still shit
  9794 | D:14     | BLOAX: http://www.ufopaedia.org/images/a/ab/Snakeman.png
  9794 | D:14     | BLOAX: chryssalids are some of the worse looking ones
  9794 | D:14     | 4thArraOfDagon: idk, what was your most detailed object from nocturne in yellow for example?
  9869 | D:13     | Noticed a vault guard
  9875 | D:13     | BLOAX: https://dl.dropboxusercontent.com/u/63152810/n/extradoom/hehehe/CLMNA0big.png
  9892 | D:13     | Killed a vault guard
  9948 | D:13     | BLOAX: first thing that springs to mind
  9948 | D:13     | 4thArraOfDagon: it looks way better when zoomed
  9991 | D:13     | Noticed a vault guard
 10012 | D:13     | Killed a vault guard
 10079 | D:13     | BLOAX: interestingly enough then it's based on an upscale of something that i made that also looked great
 10084 | D:13     | BLOAX: https://dl.dropboxusercontent.com/u/63152810/clmn3x.png
 10086 | D:13     | BLOAX: but was simply too fucking small
 10086 | D:13     | BLOAX: https://dl.dropboxusercontent.com/u/63152810/clmnbig3x.png
 10086 | D:13     | BLOAX: and fortunately getting close to things is exactly what you do in FPS games
 10086 | D:13     | BLOAX: oh and fun fact
 10086 | D:13     | BLOAX: most of my art shit completely kills pixel art upscaling algorithms
 10086 | D:13     | 4thArraOfDagon: haha switching between those two looks like technological leap
 10086 | D:13     | BLOAX: I prefer the darkness of the original to the detail-popping of the 3x version though.
 10240 | Orc:1    | Entered Level 1 of the Orcish Mines
 10247 | Orc:1    | Noticed Urug
 10264 | Orc:1    | Killed Urug
 10296 | Orc:1    | Found a roughly hewn altar of Beogh.
 10466 | Orc:1    | Learned a level 5 spell: Fireball
 10466 | Orc:1    | finally lol
 10510 | Orc:1    | Noticed Josephine
 10533 | Orc:1    | Killed Josephine
 10533 | Orc:1    | Reached skill level 1 in Translocations
 10579 | Orc:1    | Noticed Fannar
 10582 | Orc:1    | Kolbur: crawl ai is so dumb...
 10589 | Orc:2    | Entered Level 2 of the Orcish Mines
 10654 | Orc:2    | Offered knowledge of Poisonous Cloud by Vehumet.
 10690 | Orc:1    | BLOAX: It is intentionally stupid.
 10829 | Orc:2    | BLOAX: Games with smart AI usually do well with being short or having more than just pure gameplay to go by.
 10877 | Orc:2    | Reached skill level 11 in Conjurations
 10890 | Orc:2    | BLOAX: Smart AI in a game that already takes most people over six hours to beat is going to get pretty tiring pretty fast.
 10931 | Orc:2    | BLOAX: and that's six hours with a dumbass ai
 10946 | Orc:2    | Found Maseifroro's Jewellery Shop.
 10956 | Orc:2    | Kolbur: there are games with smart ai?
 10982 | Orc:2    | BLOAX: now imagine how much worse that would be if every centaur kited you and every caster did silly shit and melee monsters tried to flank you all the time
 11033 | Orc:2    | Noticed an orc warlord
 11072 | Orc:2    | Killed an orc warlord
 11073 | Orc:2    | Sphara: if orc priests were intelligent, i'd have zero wins
 11148 | Orc:2    | Found Uwecut's Antique Weapon Emporium.
 11205 | Orc:2    | Kolbur: it would be a start if they wouldn't just walk into a fucking cloud of fire instead of side-stepping it
 11298 | Orc:2    | Bought an iridescent great sword for 287 gold pieces
 11339 | Orc:2    | Sphara: monsters should respect fire clouds as miasma
 11469 | Orc:2    | finally
 11517 | Orc:2    | Reached XP level 14. HP: 57/118 MP: 8/23
 11623 | Orc:2    | hmmm
 11690 | Orc:2    | BLOAX: I fucking love posting things that are begging to be answered and then immediately getting a disconnect.
 11744 | Orc:2    | Kolbur: don't worry, we didn't take your bait :P
 11762 | Orc:2    | Reached ****** piety under Vehumet
 11873 | Orc:2    | Noticed Saint Roka
 11874 | Orc:2    | BLOAX: ok
 11896 | Orc:2    | BLOAX: and well
 11903 | Orc:2    | BLOAX: the AI in the old XCOM isn't that stupid
 11910 | Orc:2    | BLOAX: at least as long as you don't put restrictions on what it may and may not do
 11939 | Orc:2    | Killed Saint Roka
 11996 | Orc:2    | BLOAX: roka with a vamp weapon
 11996 | Orc:2    | BLOAX: classyu
 12030 | Orc:2    | Kolbur: crawl monster don't need to do advanced tactics, but they at least shouldn't behave completely suicidal
 12130 | Orc:2    | Paralysed by an ogre mage for 4 turns
 12269 | Orc:2    | Kolbur: come one, check out that great sword already pls ^^
 12438 | Orc:2    | Sphara: red devil. now there is a monster with tactic
 12443 | Orc:2    | Offered knowledge of Lee's Rapid Deconstruction by Vehumet.
 12479 | Orc:2    | Found a roughly hewn altar of Beogh.
 12489 | Orc:2    | BLOAX: it's not really a tactic
 12511 | Orc:2    | BLOAX: it's plain cheating
 12540 | Orc:2    | Found Vipn's Antique Armour Shoppe.
 12544 | Orc:2    | Found a staircase to the Elven Halls.
 12548 | Orc:2    | BLOAX: they're not actually fast enough to hit you and then move away from you
 12548 | Orc:2    | BLOAX: they just hit you and move away at the same time
 12548 | Orc:2    | Sphara: nothing more satisfying than casting Tukima on one of those little fuckers
 12582 | Orc:2    | Found Qufradgh's General Store.
 12619 | Orc:2    | BLOAX: i don't know
 12624 | Orc:2    | Bought a book of Battle for 720 gold pieces
 12624 | Orc:2    | BLOAX: killing lom is pretty satisfying
 12628 | Orc:2    | Learned a level 3 spell: Spectral Weapon
 12633 | Orc:2    | Learned a level 3 spell: Regeneration
 12633 | Orc:2    | Sphara: if Lom were intelligent..
 12633 | Orc:2    | BLOAX: but that's probably because the entire fight feels like this the entire way https://www.youtube.com/watch?v=havhaDYh0Sc
 12647 | Orc:2    | Sphara: you could never kill him
 12653 | Orc:2    | Identified the +1 great sword of Integrity {flame, rElec rPois Str+4 Int-3} (You bought it in a shop on level 2 of the Orcish Mines)
 12656 | Orc:2    | BLOAX: you could
 12682 | Orc:2    | BLOAX: needle of paralysis :-D
 12824 | Elf:1    | Entered Level 1 of the Elven Halls
 12836 | Elf:1    | Sphara: you'd need portal projectile for that. but then i guess yeah
 12932 | Elf:1    | BLOAX: you would only need a needle and a scroll of blinking
 13053 | Elf:1    | Sphara: well you need to get the first turn
 13088 | Elf:1    | Reached skill level 10 in Long Blades
 13199 | Elf:1    | nice
 13381 | Elf:1    | free drain!
 13663 | Elf:2    | Sphara: new elf is just horrible
 13870 | Elf:2    | Sphara: Orc:1-2 didnt seem bad at all
 13883 | Elf:3    | Entered Level 3 of the Elven Halls
 13883 | Elf:3    | Noticed a deep elf sorcerer
 13885 | Elf:3    | Sphara: in fact i didnt even notice any difficulty increase
 14304 | Elf:3    | BLOAX: right
 14321 | Elf:3    | BLOAX: the weather is wonderful in denmark these last couple of days
 14347 | Elf:3    | BLOAX: ~ -3 C and crazy winds
 14350 | Elf:3    | BLOAX: cold as hell
 14382 | Elf:3    | uhhh
 14382 | Elf:3    | Sphara: -10 here
 14426 | Elf:3    | Reached XP level 15. HP: 59/129 MP: 25/25
 14441 | Elf:3    | 4thArraOfDagon: have to refresh
 14738 | Elf:3    | Kolbur: why so much spellcasting?
 14761 | Elf:3    | Killed a deep elf sorcerer
 14833 | Elf:3    | Reached skill level 1 in Charms
 14833 | Elf:3    | Reached skill level 1 in Necromancy
 14839 | Elf:3    | BLOAX: because like brazil and football
 14847 | Elf:3    | BLOAX: he doesn't have much else
 14851 | Elf:3    | 4thArraOfDagon: hybrid
 14851 | Elf:3    | BLOAX: 12 str 10 dex
 14869 | Elf:3    | BLOAX: what kinda melee character is that
 14881 | Elf:3    | Kolbur: i mean spellcasting skill
 14895 | Elf:3    | Kolbur: at -3 apt
 14953 | Elf:3    | Noticed a deep elf blademaster
 14970 | Elf:3    | Killed a deep elf blademaster
 14981 | Elf:3    | 4thArraOfDagon: negative on fuckin all
 14981 | Elf:3    | Kolbur: yeah but -3 is extra awful
 14981 | Elf:3    | 4thArraOfDagon: yea :(
 15003 | Elf:3    | Kolbur: and 9 spellcasting is a lot already
 15135 | Elf:3    | Noticed a deep elf sorcerer
 15137 | Elf:3    | Noticed a deep elf master archer
 15183 | Elf:3    | Killed a deep elf master archer
 15259 | Elf:3    | Got a heavily runed brass ring
 15261 | Elf:3    | Identified the ring "Ohunt" {rPois MP+9} (You took it off a deep elf mage on level 3 of the Elven Halls)
 15265 | Elf:3    | Got an encrusted battleaxe {elec}
 15378 | Elf:3    | Noticed a deep elf blademaster
 15392 | Elf:3    | 4thArraOfDagon: smart one
 15420 | Elf:3    | Killed a deep elf blademaster
 15580 | Elf:3    | Got a transparent ice dragon armour
 15686 | Elf:3    | Reached skill level 5 in Armour
 15883 | Elf:3    | Noticed a deep elf master archer
 15907 | Elf:3    | Killed a deep elf sorcerer
 15930 | Elf:3    | Killed a deep elf master archer
 16125 | Elf:3    | Got a shimmering robe
 16172 | Elf:3    | Noticed a deep elf sorcerer
 16191 | Elf:3    | Killed a deep elf sorcerer
 16191 | Elf:3    | Offered knowledge of Delayed Fireball by Vehumet.
 16200 | Elf:3    | Learned a level 7 spell: Delayed Fireball
 16303 | Elf:3    | Noticed a deep elf sorcerer
 16321 | Elf:3    | Killed a deep elf sorcerer
 16321 | Elf:3    | Reached XP level 16. HP: 135/140 MP: 22/26
 16361 | Elf:3    | Cast into level 2 of the Abyss (a deep elf demonologist)
 16522 | Abyss:2  | Noticed a bone dragon
 16556 | Abyss:3  | Identified the +1 robe of Fortification {*Drain MP+9 Slay+5 Stlth+} (You took it off a deep elf death mage on level 3 of the Elven Halls)
 16569 | Abyss:3  | Gained mutation: Your system is resistant to poisons. [potion of beneficial mutation]
 16580 | Abyss:4  | Got a crude leather armour
 16606 | Abyss:4  | Kolbur: drop vamp sword?
 16606 | Abyss:4  | 4thArraOfDagon: idk
 16606 | Abyss:4  | Kolbur: or book of battle
 16607 | Abyss:4  | Identified the Incunabulum of Enchantment (You found it on level 4 of the Abyss)
 16618 | Abyss:4  | Noticed a tentacled starspawn
 16622 | Abyss:5  | Entered Level 5 of the Abyss
 16639 | Abyss:5  | Found a sparkling altar of Nemelex Xobeh.
 16683 | Abyss:5  | Noticed a black draconian monk
 16688 | Elf:3    | Escaped the Abyss
 16713 | Elf:3    | Demolished by a black draconian monk

Vault maps used:
D:1:      scummos_arrival_hexagon
D:2:      nicolae_gozag_seed_capital
D:3:      first_bread, ecumenical_altar_1
D:4:      kennysheep_mini, uniq_edmund
D:5:      old_standard_altar, grunt_temple_overflow_open, basic_altar
D:7:      minmay_temple_entry_from_below_a, grunt_ogre_cave
D:8:      nemelex_deck
D:9:      minmay_protected_statue
D:10:     serial_shops, shop, minivault_14, uniq_snorg, uniq_nergalle
D:11:     lemuel_ice_spiral_2, erik_lair_island, minmay_orc_entry_temple_small,
          uniq_maurice, uniq_gastronok, uniq_sonja
D:12:     uniq_psyche, uniq_frances
D:13:     lightli_vaults_fourway_checkpoint, serial_shops, shop,
          hangedman_ru_absence
D:14:     gammafunk_pakellas_cloud_experiment, uniq_maud
D:15:     grunt_enter_depths_snipers, serial_shops, shop,
          portal_ice_cave_demonic_guard, kennysheep_flooded_box, st_stairs_11
Orc:1:    basic_altar, uniq_urug, uniq_josephine, uniq_fannar
Orc:2:    grunt_orc_gardens, grunt_orc_garden, grunt_orc_garden,
          grunt_orc_garden, grunt_orc_garden, minmay_orc_temple_c,
          uniq_saint_roka
Elf:1:    orc_legates, st_stairs_4, grunt_megastairs_2
Elf:2:    serial_shops, shop_fountains, st_stairs_5
Elf:3:    elf_hall
Abyss:2:  bh_abyss_xom_lugonu_altar
Abyss:3:  evilmike_abyss_rune_ettins, evilmike_abyss_exit_disperse
Abyss:4:  evilmike_abyss_rune_acolytes_2, due_exit_kobolds
Abyss:5:  evilmike_abyss_exit_plants, evilmike_abyss_rune_ettins
IceCv:    ice_cave_small_giant

Action                   |  1- 3 |  4- 6 |  7- 9 | 10-12 | 13-15 | 16-18 || total
-------------------------+-------+-------+-------+-------+-------+-------++-------
Melee: Dagger            |    25 |    88 |    86 |       |       |       ||   199
       Trident           |     1 |    47 |       |       |       |       ||    48
       Demon blade       |       |       |    85 |   325 |   736 |    55 ||  1201
Throw: Throwing net      |       |       |       |       |     1 |       ||     1
 Cast: Shock             |    24 |    40 |    65 |     4 |       |       ||   133
       Repel Missiles    |     1 |       |       |     4 |    13 |       ||    18
       Sting             |     1 |    19 |    13 |     2 |       |       ||    35
       Apportation       |       |       |    44 |     2 |       |     6 ||    52
       Flame Tongue      |       |       |    13 |    41 |     8 |       ||    62
       Conjure Flame     |       |       |     7 |    43 |    54 |     2 ||   106
       Sticky Flame      |       |       |     3 |    64 |   184 |     5 ||   256
       Swiftness         |       |       |       |     2 |     3 |       ||     5
       Fireball          |       |       |       |       |    36 |       ||    36
       Spectral Weapon   |       |       |       |       |    17 |       ||    17
       Regeneration      |       |       |       |       |    15 |     2 ||    17
       Delayed Fireball  |       |       |       |       |     1 |       ||     1
 Abil: Stop Flying       |       |       |       |     1 |     1 |       ||     2
       Evoke Flight      |       |       |       |       |     1 |       ||     1
Evoke: Wand              |       |       |     6 |     1 |    19 |       ||    26
       Deck              |       |       |     1 |     2 |     5 |       ||     8
       Sack of spiders   |       |       |       |       |    13 |       ||    13
  Use: Scroll            |       |     9 |    10 |    12 |     9 |     4 ||    44
       Potion            |       |       |     4 |       |     7 |     5 ||    16
 Stab: Sleeping          |       |     1 |       |       |       |       ||     1
       Paralysed         |       |       |    11 |       |       |       ||    11
  Eat: Chunk             |       |     5 |    21 |    22 |    43 |     1 ||    92
       Fruit             |       |       |       |     3 |       |       ||     3
       Pizza             |       |       |       |     1 |     2 |       ||     3
       Beef jerky        |       |       |       |       |     5 |     4 ||     9
